 Dungeon Crawl Stone Soup version 0.21.1-1-g345015f (webtiles) character file.

157 exewon the Sneak (level 4, -2/54 HPs)
             Began as a Demigod Wanderer on July 29, 2018.
             Killed by divine providence
             ... invoked by an orc priest
              (8 damage)
             ... on level 3 of the Dungeon.
             The game lasted 00:16:45 (2181 turns).

exewon the Sneak (Demigod Wanderer)                 Turns: 2181, Time: 00:16:46

Health: -2/54      AC: 22    Str: 15    XL:     4   Next: 93%
Magic:  6/6        EV:  2    Int: 16    God:
Gold:   147        SH:  0    Dex: 17    Spells: 3/3 levels left

rFire    . . .     SeeInvis .   p - +2 spear (venom)
rCold    . . .     Gourm    .   (no shield)
rNeg     + + +     Faith    .   (armour currently unavailable)
rPois    +         Spirit   .   (helmet currently unavailable)
rElec    .         Reflect  .   (cloak currently unavailable)
rCorr    .         Harm     .   (gloves currently unavailable)
MR       .....     NoTele   +   (boots currently unavailable)
Stlth    +++.......             (no amulet)
HPRegen  0.18/turn              (no ring)
MPRegen  0.10/turn              (no ring)

@: tree-form, hasted, very quick
A: high mp 1
a: no special abilities


You were on level 3 of the Dungeon.
You were not hungry.
You were a tree.
You visited 1 branch of the dungeon, and saw 3 of its levels.

You collected 147 gold pieces.

Inventory:

Hand Weapons
 a - a +2 dagger
 c - a +0 falchion
 e - a +0 blowgun
 p - a +2 spear of venom (weapon)
Missiles
 d - 12 poisoned needles
Armour
 f - a +0 robe
 j - a +0 chain mail (melded)
Jewellery
 h - an uncursed ring of resist corrosion {unknown}
 s - an uncursed ring of positive energy {unknown}
 w - a cursed ring of loudness {unknown}
Scrolls
 k - a scroll of random uselessness {unknown}
 q - 2 scrolls of remove curse
 t - 2 scrolls of fear {unknown}
 v - a scroll of teleportation
Potions
 i - a potion of invisibility
 n - a potion of agility {unknown}
 o - a potion of might {unknown}
 r - a potion of berserk rage {unknown}
 u - a potion of curing {unknown}
Comestibles
 g - 5 rations


   Skills:
 + Level 2.3 Fighting
 - Level 1.0(1.5) Short Blades
 - Level 1.8(2.0) Long Blades
 + Level 1.4 Polearms
 - Level 1.0 Throwing
 + Level 1.6 Armour
 - Level 3.0 Dodging
 + Level 3.5 Stealth


You had 3 spell levels left.
You didn't know any spells.

Dungeon Overview and Level Annotations

Branches:
Dungeon (3/15)


Innate Abilities, Weirdness & Mutations

You have an increased reservoir of magic. (+10% MP)


Message History

Aim: an orc priest The orc warrior is in the way.
You hit the orc warrior but do no damage.
The orc warrior is moderately wounded.
The orc warrior hits you with a scimitar of slicing.
The orc priest mumbles some strange prayers to Beogh against you.
Beogh smites you!
* * * LOW HITPOINT WARNING * * *
It was a potion of lignification.
You turn into a tree.
Your +0 chain mail melds into your body.
Your roots penetrate the ground.
You feel yourself speed up.
The orc warrior hits you with a scimitar of slicing.
* * * LOW HITPOINT WARNING * * *
x2 You hit the orc warrior.
The orc warrior looks as sick as possible!
The orc warrior is severely wounded.
The orc priest calls down the wrath of Beogh upon you.
Beogh smites you!
You die...

#.# .....
#.# ... #.#
#.#
#.######
#......#
######.#.#
.#
#.#.###.###
#♣#........
#o#o.......
#g#....>...
#o#........
#o#........
#o........#
##.........
#.######.#
#.#


You could see an orc warrior, an orc priest, 2 orcs and a goblin.

Vanquished Creatures
  A bullfrog (D:2)
  An adder (D:2)
  3 gnolls (D:3)
  2 worms (D:2)
  2 dart slugs
  2 orcs (D:3)
  7 bats
  2 giant cockroaches
  3 goblins
  5 hobgoblins
  8 jackals
  A quokka (D:2)
  3 frilled lizards
  3 kobolds
  5 rats
48 creatures vanquished.

Notes
Turn   | Place    | Note
-------+----------+-------------------------------------------
     0 | D:1      | exewon the Demigod Wanderer began the quest for the Orb.
     0 | D:1      | exewon set off with: a +2 dagger, a potion of haste, a +0 falchion, 12 poisoned needles, a +0 blowgun, a +0 robe, a ration
     0 | D:1      | Reached XP level 1. HP: 16/16 MP: 3/3
   186 | D:1      | Reached XP level 2. HP: 23/23 MP: 4/4
  1066 | D:2      | Reached XP level 3. HP: 28/28 MP: 5/5
  1203 | D:2      | Noticed a bullfrog
  1218 | D:2      | Killed a bullfrog
  1218 | D:2      | Reached skill level 1 in Polearms
  1218 | D:2      | Reached skill level 1 in Armour
  1218 | D:2      | Reached XP level 4. HP: 24/36 MP: 6/6
  2165 | D:3      | Noticed an orc warrior
  2181 | D:3      | Killed from afar by an orc priest

Skill      XL: |  1  2  3 |
---------------+----------+-----
Dodging        | 3 |  3.0
Stealth        | 3 |  3.5
Fighting       | 2 |  2.3
Polearms       | 1 |  1.4
Armour         | 1 |  1.6
Short Blades   | |  1.0
Long Blades    | |  1.8
Throwing       | |  1.0

Action                   |  1- 3 |  4- 6 || total
-------------------------+-------+-------++-------
Melee: Falchion          |   100 |       ||   100
       Spear             |    10 |    46 ||    56
  Use: Scroll            |     5 |     1 ||     6
       Potion            |     1 |     3 ||     4
 Stab: Sleeping          |     1 |       ||     1
  Eat: Ration            |     1 |     1 ||     2
Armor: Robe              |     7 |       ||     7
       Chain mail        |    48 |    12 ||    60
Dodge: Dodged            |    62 |    21 ||    83
       Rpst.: Falchion   |    20 |       ||    20
